AoeStats
← 大王同学

Arena

503999989Analyzed
4v4 RM · 28d ago on Sep 3, 2026· 23m 16s· 8 players
Game mode
Random Map
Map size
Large (8 player)
Population
200
Speed
Normal
Resources
Standard
Victory
Conquest
Starting age
Dark Age
Ending age
Imperial Age
RankedLock teamsTeams togetherTeam positionsShared explorationLock speedFull tech treeHidden civsTurbo modeCheats
Victory
Defeat
🇨🇳 Slavs · China
1420
+11
🇭🇰 Teutons · Hong Kong SAR China
1414
+11
🇭🇰 Portuguese · Hong Kong SAR China
1240
+19
🇨🇳 Poles · China
1136
+22
🇨🇳 Japanese · China
1332
-17
🇹🇼 Byzantines · Taiwan
1310
-16
🇳🇱 Bohemians · Netherlands
1272
-15
🇹🇼 Hindustanis · Taiwan
1271
-15
Hachikoo
11:33 Feudal Age
12:41 Double-Bit Axe
15:28 Castle Age
14:41 Horse Collar
23:01 Bow Saw
ggsadpom,sdf
thomas89671173
10:48 Feudal Age
15:26 Castle Age
13:27 Double-Bit Axe
13:24 Horse Collar
16:25 Bow Saw
16:17 Heavy Plow
16:54 Wheelbarrow
21:35 Loom
23:10 Gold Mining
3YC
7:50 Loom
10:02 Feudal Age
11:16 Man-at-Arms
18:36 Castle Age
16:45 Double-Bit Axe
18:27 Horse Collar
21:33 Bow Saw
大王同学
12:43 Feudal Age
16:13 Castle Age
13:58 Loom
14:09 Double-Bit Axe
14:17 Gold Mining
14:23 Horse Collar
16:22 Wheelbarrow
17:04 Bow Saw
18:17 Redemption
19:38 Fervor
19:41 Atonement
21:01 Sanctity
22:29 Devotion
崽仔
6:18 Loom
11:14 Feudal Age
15:00 Castle Age
13:22 Double-Bit Axe
15:03 Horse Collar
16:10 Bow Saw
21:04 Heavy Plow
22:13 Wheelbarrow
retroex
8:27 Feudal Age
8:32 Loom
9:02 Double-Bit Axe
10:10 Horse Collar
13:33 Horse Collar
22:44 Castle Age
21:18 Fletching
秋意
10:35 Feudal Age
14:26 Castle Age
12:30 Double-Bit Axe
17:10 Horse Collar
18:40 Bow Saw
22:07 Wheelbarrow
23:34 Heavy Plow
Connection lost

Rejoining the realm…

Still unreachable

The connection could not be restored.

Session expired

The server has moved on; the page needs a fresh start.